Map: Acid Plant LE

Players

ADDN - Winner!

  • Race: Terran Terran
  • League: Diamond
  • Spawn Location: 11:00

ILIEKEGGPIE

  • Race: Protoss Protoss
  • League: Platinum
  • Spawn Location: 5:00

VOD

Have the link to the VOD?

Description

Time

  • Played on: April 26, 2018, 7:19 a.m.
  • Length: 7:29
Show
View Real Time Build Order
Export as new Build Order

ADDN Terran - Winner!

Build Orders:  

Get SALT Encoding   

  12  0:01  SCV  
  13  0:13  SCV  
  14  0:17  Supply Depot  
  14  0:28  SCV  
  15  0:40  Barracks, SCV  
  16  0:51  Barracks  
  16  0:54  SCV  
  17  1:06  SCV  
  17  1:08  Refinery  
  18  1:18  SCV  
  19  1:27  Marine  
  19  1:30  Supply Depot  
  19  1:32  Orbital Command  
  20  1:38  Marine  
  21  1:47  Refinery, Marine  
  22  1:57  Marine  
  22  1:58  SCV  
  24  2:10  SCV  
  24  2:14  Marine  
  26  2:20  Marine  
  27  2:23  SCV  
  28  2:30  Command Center  
  28  2:32  Marine  
  28  2:36  SCV  
  30  2:50  Marine  
  31  2:55  Supply Depot  
  31  2:58  Factory  
  31  3:02  Supply Depot  
  31  3:04  Marine  
  31  3:05  SCV  
  33  3:07  Supply Depot  
  33  3:08  Marine  
  28  3:30  Marine x2  
  29  3:40  Bunker  
  28  3:48  Marine x2  
  28  4:02  SCV  
  28  4:06  Marine x2  
  30  4:19  SCV  
  30  4:24  Marine  
  31  4:28  Orbital Command  
  33  4:31  SCV  
  33  4:34  Barracks Tech Lab  
  33  4:36  Widow Mine  
  35  4:48  Barracks Reactor  
  33  4:55  Marine  
  33  4:59  SCV x2  
  35  5:06  Stimpack  
  35  5:11  SCV  
  35  5:13  Marine  
  37  5:16  SCV  
  38  5:23  SCV  
  39  5:28  SCV  
  39  5:31  Marine  
  39  5:34  Marine x2  
  43  5:39  Bunker, SCV  
  43  5:40  SCV  
  45  5:43  Factory Reactor  
  45  5:47  Starport  
  45  5:49  Marine  
  46  5:51  Barracks  
  46  5:52  Marine x2  
  46  5:53  Barracks  
  48  6:00  SCV x2  
  50  6:04  Supply Depot  
  50  6:06  Marine  
  50  6:10  Marine  
  52  6:12  SCV  
  53  6:21  Marine  
  53  6:24  Marine  
  55  6:28  Marine  
  55  6:33  Medivac x2  
  55  6:39  Marine, SCV x2  
  62  6:42  Marine  
  62  6:45  Marine  
  63  6:50  Marine x2  
  64  6:57  Marine  
  64  7:00  Marine  
  66  7:03  Marine  
  66  7:08  Marine x2  
Show
View Real Time Build Order
Export as new Build Order

ILIEKEGGPIE Protoss 

Build Orders:  

Get SALT Encoding   

  12  0:01  Probe  
  13  0:13  Probe  
  14  0:17  Pylon  
  14  0:25  Probe  
  15  0:37  Probe  
  15  0:39  Gateway  
  16  0:49  Probe  
  17  0:50  Assimilator  
  17  1:01  Probe  
  18  1:05  Pylon  
  18  1:16  Probe  
  19  1:25  Gateway  
  19  1:28  Probe  
  19  1:29  Cybernetics Core  
  20  1:35  Assimilator  
  20  1:52  Probe  
  21  2:02  Stalker  
  21  2:04  Probe  
  21  2:05  Stalker  
  24  2:13  Warp Gate  
  26  2:30  Probe  
  26  2:33  Stalker  
  26  2:36  Stalker  
  31  2:43  Pylon  
  31  2:48  Probe  
  31  3:30  Stalker  
  31  3:34  Pylon  
  31  3:38  Pylon  
  31  4:02  Shield Battery  
  29  4:19  Adept  
  29  4:21  Adept  
  33  4:31  Shield Battery  
  33  4:32  Gateway  
  33  4:45  Shield Battery  
  31  5:03  Stalker x2  
  33  5:08  Stargate  
  31  5:36  Stalker x2  
  35  5:42  Pylon  
  35  5:45  Adept  
  35  5:48  Void Ray  
  37  6:02  Stalker  
  37  6:03  Stalker  
  43  6:36  Stalker x2  
Tags
 
Matchup
PvT
Replay Pack
Multi
Spawn Locations
Cross Positions
Add a new tag
Caveats
  • Supply blocks, unpowered buildings, or Contaminate may cause inaccurate times.
  • Supply counts are checked every 10 seconds.